 Dungeon Crawl Stone Soup version 0.22-a0-612-gd2f0174 (webtiles) character file.

8205 Hebeh the Destroyer (level 11, -22/61 HPs)
             Began as a Deep Elf Fire Elementalist on July 11, 2018.
             Was a Believer of Vehumet.
             Annihilated by a death knight
             ... wielding a +0 morningstar
              (24 damage)
             ... on level 8 of the Dungeon.
             The game lasted 03:19:07 (18349 turns).

Hebeh the Destroyer (Deep Elf Fire Elementalist)   Turns: 18349, Time: 03:19:07

Health: -22/61     AC:  4    Str:  5    XL:     11   Next: 6%
Magic:  25/25      EV: 15    Int: 24    God:    Vehumet [**....]
Gold:   732        SH:  0    Dex: 15    Spells: 4/27 levels left

rFire    + . .     SeeInvis .   a - +1 trident "Ogreslayer" {holy, +Inv rElec Stlth+}
rCold    . . .     Gourm    .   (no shield)
rNeg     + . .     Faith    .   n - +0 leather armour {rF+}
rPois    .         Spirit   .   (no helmet)
rElec    +         Reflect  .   (no cloak)
rCorr    .         Harm     .   (no gloves)
MR       +....                  y - +0 pair of boots
Stlth    +++.......             (no amulet)
HPRegen  0.20/turn              e - ring of wizardry
MPRegen  0.19/turn              w - ring of positive energy

@: no status effects
A: no striking features
a: Renounce Religion, Evoke Invisibility


You were on level 8 of the Dungeon.
You worshipped Vehumet.
Vehumet was pleased with you.
You were not hungry.

You visited 3 branches of the dungeon, and saw 12 of its levels.

You collected 732 gold pieces.

Inventory:

Hand Weapons
 a - the +1 trident "Ogreslayer" (weapon) {holy, +Inv rElec Stlth+}
   (You found it on level 6 of the Dungeon)

   It has been blessed by the Shining One to cause great damage to the undead
   and demons.
   It insulates you from electricity.
   It lets you turn invisible.
   It makes you more stealthy.
 b - a +0 fustibalus
Missiles
 h - 221 stones (quivered)
 x - 129 arrows
 B - 7 tomahawks
Armour
 n - a +0 leather armour of fire resistance (worn)
 y - a +0 pair of boots (worn)
Magical Staves
 E - an uncursed staff of wizardry
Jewellery
 e - a ring of wizardry (left hand)
 w - a ring of positive energy (right hand)
 D - a +2 ring of protection
 I - an uncursed ring of fire
Wands
 r - a wand of random effects (79)
 s - a wand of enslavement (13)
 z - a wand of polymorph (15)
 C - a wand of digging (20)
 H - a wand of iceblast (4)
Scrolls
 d - 5 scrolls of enchant weapon
 f - 3 scrolls of amnesia
 j - 6 scrolls of remove curse
 k - 2 scrolls of noise
 l - 3 scrolls of identify
 o - 8 scrolls of teleportation
 v - a scroll of fog
 A - a scroll of holy word
 G - a scroll of immolation
 L - a scroll of summoning {unknown}
Potions
 i - 3 potions of lignification
 m - a potion of flight
 q - 3 potions of curing
 t - a potion of agility {unknown}
 u - a potion of resistance {unknown}
 K - a potion of invisibility {unknown}
 M - a potion of brilliance {unknown}
Miscellaneous
 J - a phantom mirror
Comestibles
 c - 9 rations


   Skills:
 + Level 4.3 Fighting
 + Level 7.0 Dodging
 - Level 2.4 Stealth
 + Level 8.7 Spellcasting
 * Level 9.7 Conjurations
 + Level 1.6 Transmutations
 * Level 9.7 Fire Magic
 - Level 6.0 Air Magic
 + Level 2.8 Evocations


You had 4 spell levels left.
You knew the following spells:

 Your Spells              Type           Power        Failure   Level  Hunger
a - Flame Tongue          Conj/Fire      #####        1%          1    None
b - Throw Flame           Conj/Fire      ######       1%          2    None
c - Conjure Flame         Conj/Fire      ######..     1%          3    None
d - Shock                 Conj/Air       ####         1%          1    None
e - Fireball              Conj/Fire      ######....   1%          5    ####...
f - Sticks to Snakes      Tmut           ###.....     3%          2    None
g - Inner Flame           Hex/Fire       ####....     1%          3    None
h - Airstrike             Air            #####.....   3%          4    ##.....
i - Swiftness             Chrm/Air       ###.....     1%          2    None

Your spell library contained the following spells:

 Spells                   Type           Power        Failure   Level  Hunger
 Lightning Bolt           Conj/Air       #####.....   4%          5    ####...
 Sticky Flame             Conj/Fire      ######..     1%          4    ##.....
 Spider Form              Tmut/Pois      ##........   9%          3    None
 Blade Hands              Tmut           ###.......   45%         5    ####...
 Ice Form                 Ice/Tmut       ##......     26%         4    ##.....
 Static Discharge         Conj/Air       #####...     1%          3    None
 Beastly Appendage        Tmut           ###...       1%          1    None


Dungeon Overview and Level Annotations

Branches:
Dungeon (10/15)            Temple (1/1) D:7             Orc (1/2) D:9
   Lair: D:8-11

Altars:
Ashenzari
Cheibriados
Dithmenos
Elyvilon
Fedhas
Gozag
Hepliaklqana
Kikubaaqudgha
Makhleb
Nemelex Xobeh
Okawaru
Qazlal
Ru
Sif Muna
Trog
Uskayaw
Vehumet
Wu Jian
Xom
Yredelemnul
Zin
The Shining One
Beogh

Shops:
D:4 :   D:6 %

Annotations:
D:8 exclusion: 3 downstairs


Message History

Press: ? - help, Dir - move target cursor The fire ignites!
You feel sluggish.
The death knight offers itself to Yredelemnul, and fills with unholy energy.
The death knight is engulfed in blazing flames.
The death knight reflects your damage back at you!
You start to feel a little faster.
The death knight's dark mirror aura disappears.
The death knight hits you with a morningstar!
You no longer feel sluggish.
The death knight mumbles some strange prayers to Yredelemnul against you.
Your body is wracked with pain!
The death knight hits you with a morningstar!!
* * * LOW HITPOINT WARNING * * *
There is a stone staircase leading up, spattered with blood here.
You climb upwards.
Level annotation: exclusion: 3 downstairs
There is a stone staircase leading down here.
The death knight hits you with a morningstar!!
You die...

###......####...####.#.#####..###
.<..###### ##.####.###.## #..###
......#######...##.## ##.###.....
##....##..........## ##........
...##.##.####....#.## ##.###...##
#..##.##.# ##.#.#..###.## #<..#
...##.##.### #.#.#.#.#.## ##.##
...........# #.#.#.#...## #.#
.####......###.#@#..###.## #.# #
............##.p>..## ##.## #.# #
.####.......####..## ##.# #.# #
..###.......####...## ##..# #.# #
.#...........)......###.#.# #.# #
..###.#.###.#####.#..#.##.# #.# #
.## #........# #.#.#.###.###.###
.# #........# #.#.#.###........
.####........####.............###


You could see a death knight.

Vanquished Creatures
  A two-headed ogre (D:9)
  An unseen horror (D:10)
  Psyche (D:9)
  A kobold demonologist (D:9)
  Grinder (D:4)
  12 yaks
  Grum (D:8)
  A vampire mosquito (D:9)
  2 hungry ghosts (D:9)
  An ice beast (D:5)
  2 sky beasts
  3 orc warriors (D:9)
  6 ogres
  6 phantoms
  2 wolves (D:8)
  2 centaurs
  2 big kobolds
  2 bullfrogs
  A water moccasin zombie (D:9)
  3 scorpions
  A howler monkey (D:5)
  5 wights (D:10)
  3 crimson imps
  A centaur zombie (D:10)
  2 jellies
  6 orc priests
  2 hounds
  A bullfrog skeleton (D:8)
  2 centaur skeletons
  An iron imp (D:5)
  Jessica (D:2)
  7 orc wizards
  Terence (D:2)
  Natasha (thrice) (D:3)
  An iguana (D:6)
  10 worker ants
  A hound skeleton (D:4)
  3 gnolls (D:2)
  11 adders
  2 shadow imps (D:9)
  An ooze (D:1)
  2 adder skeletons
  4 worms
  4 leopard geckos
  39 orcs
  3 ball pythons
  3 giant cockroaches
  6 goblins
  7 hobgoblins
  10 jackals
  6 quokkas
  7 bats
  6 frilled lizards
  9 kobolds
  A leopard gecko zombie (D:9)
  4 quokka skeletons
  8 rats
235 creatures vanquished.

Vanquished Creatures (collateral kills)
  A bullfrog (D:10)
1 creature vanquished.

Grand Total: 236 creatures vanquished

Notes
Turn   | Place    | Note
-------+----------+-------------------------------------------
     0 | D:1      | Hebeh the Deep Elf Fire Elementalist began the quest for the Orb.
     0 | D:1      | Reached XP level 1. HP: 10/10 MP: 6/6
   200 | D:1      | Reached XP level 2. HP: 15/15 MP: 5/8
   718 | D:2      | Noticed Terence
   745 | D:2      | Killed Terence
   745 | D:2      | Reached XP level 3. HP: 15/19 MP: 0/10
   872 | D:2      | Reached XP level 4. HP: 23/24 MP: 5/11
  1162 | D:2      | Noticed Jessica
  1167 | D:2      | Killed Jessica
  1472 | D:2      | Reached XP level 5. HP: 22/28 MP: 9/13
  1973 | D:2      | Learned a level 2 spell: Throw Flame
  1977 | D:2      | Learned a level 3 spell: Conjure Flame
  2120 | D:2      | Found a blossoming altar of Fedhas.
  2488 | D:3      | Noticed Natasha
  2491 | D:3      | Killed Natasha
  2919 | D:3      | Noticed Natasha
  2925 | D:3      | Killed Natasha
  2925 | D:3      | Reached XP level 6. HP: 26/32 MP: 2/15
  3773 | D:3      | Noticed Natasha
  3782 | D:3      | Killed Natasha
  3782 | D:3      | Reached skill level 5 in Spellcasting
  4634 | D:4      | Learned a level 1 spell: Shock
  4769 | D:4      | Noticed Grinder
  5119 | D:4      | Paralysed by Grinder for 5 turns
  5127 | D:4      | Killed Grinder
  5127 | D:4      | Reached skill level 5 in Conjurations
  5127 | D:4      | Reached skill level 5 in Fire Magic
  5127 | D:4      | Reached XP level 7. HP: 37/37 MP: 5/17
  5285 | D:4      | Reached skill level 1 in Fighting
  5413 | D:4      | Found Xeneu's Book Boutique.
  5917 | D:4      | Found a snail-covered altar of Cheibriados.
  5919 | D:4      | Found a radiant altar of Vehumet.
  5919 | D:4      | Found a shimmering altar of Xom.
  5921 | D:4      | Found a stormy altar of Qazlal.
  5921 | D:4      | Found a stormy altar of Qazlal.
  5921 | D:4      | Found a sacrificial altar of Ru.
  6075 | D:5      | Entered Level 5 of the Dungeon
  6317 | D:5      | Learned a level 5 spell: Fireball
  6512 | D:5      | Found a hide-covered altar of Uskayaw.
  6741 | D:5      | Found a snail-covered altar of Cheibriados.
  6793 | D:5      | Reached XP level 8. HP: 44/44 MP: 14/19
  7003 | D:5      | Found a glowing golden altar of the Shining One.
  7064 | D:5      | Found a basalt altar of Yredelemnul.
  7067 | D:5      | Found a deep blue altar of Sif Muna.
  7070 | D:5      | Found a shattered altar of Ashenzari.
  7229 | D:6      | Got a steaming trident
  7249 | D:5      | Identified the +1 trident "Ogreslayer" {holy, +Inv rElec Stlth+} (You found it on level 6 of the Dungeon)
  7578 | D:6      | Found Atiakk's Food Emporium.
  8036 | D:6      | Reached skill level 1 in Air Magic
  8085 | D:6      | Learned a level 2 spell: Swiftness
  8427 | D:7      | Found a staircase to the Ecumenical Temple.
  8666 | Temple   | Entered the Ecumenical Temple
  8761 | Temple   | Became a worshipper of Vehumet
  8870 | D:7      | Reached skill level 5 in Dodging
  8870 | D:7      | Reached XP level 9. HP: 47/49 MP: 11/21
  8929 | D:7      | Learned a level 3 spell: Inner Flame
 10139 | D:8      | Noticed Grum
 10376 | D:8      | Killed Grum
 11275 | D:9      | Reached * piety under Vehumet
 11275 | D:9      | Offered knowledge of Sandblast by Vehumet.
 12150 | D:9      | Reached XP level 10. HP: 56/56 MP: 4/23
 12347 | D:9      | Noticed a death knight
 12868 | D:9      | Noticed Psyche
 12873 | D:9      | Killed Psyche
 12978 | D:9      | Noticed a soul eater
 12979 | D:9      | Reached skill level 5 in Air Magic
 12979 | D:9      | Reached skill level 1 in Evocations
 13178 | D:9      | Noticed a two-headed ogre
 13198 | D:9      | Killed a two-headed ogre
 13479 | D:9      | Got a scorched leather armour
 13543 | D:9      | Found a staircase to the Orcish Mines.
 13562 | Orc:1    | Entered Level 1 of the Orcish Mines
 13730 | D:9      | Found a roughly hewn altar of Beogh.
 13750 | D:9      | Learned a level 4 spell: Airstrike
 14463 | D:9      | Learned a level 2 spell: Sticks to Snakes
 15184 | D:8      | Identified the +1 leather armour "Diry" {Slay+3} (You took it off an orc on level 9 of the Dungeon)
 15396 | D:10     | Entered Level 10 of the Dungeon
 16063 | D:9      | Reached ** piety under Vehumet
 16063 | D:9      | Offered knowledge of Magic Dart by Vehumet.
 16849 | D:10     | HP: 2/56 [bullfrog (3)]
 17222 | D:10     | Killed an unseen horror
 17222 | D:10     | Reached skill level 1 in Transmutations
 17819 | D:10     | Reached XP level 11. HP: 61/61 MP: 5/25
 18346 | D:9      | HP: 2/61 [death knight/morningstar (27)]
 18349 | D:8      | Annihilated by a death knight

Vault maps used:
D:1:      lemuel_arrival_rhombus
D:2:      wad_river_or_something, fedhas_altar_4, uniq_jessica, uniq_terence
D:3:      roderic_lattice_a, uniq_natasha
D:4:      serial_shops, shop, first_ration, doesnt_xom_only_xom, uniq_grinder
D:5:      nicolae_overflow_crystal_walls, lemuel_doored_altar,
          grunt_temple_overflow_diamond, chei_slow_surprise
D:6:      serial_shops, shop_fountains, st_stairs_13, minivault_4
D:7:      minmay_temple_entry_glass
D:8:      uniq_grum
D:9:      minmay_the_grid_triangle_9x9_rhombus_thin_mashed,
          minmay_orc_entry_temple_large, uniq_psyche
D:10:     grunt_tengu_nest
Temple:   minmay_temple_bridge_d
Orc:1:    basic_altar, kennysheep_orc_chapel

Skill      XL: |  1  2  3  4  5  6  7  8  9 10 11 |
---------------+----------------------------------+-----
Conjurations   | 2 3 4 5 6 7 8 9 |  9.7
Spellcasting   | 4 5 6 7 8 |  8.7
Fire Magic     | 4 5 6 7 8 9 |  9.7
Dodging        | 3 5 6 7 |  7.0
Fighting       | 1 2 3 4 |  4.3
Air Magic      | 2 4 6 |  6.0
Evocations     | 2 |  2.8
Transmutations | 1 |  1.6
Stealth        | |  2.4

Action                   |  1- 3 |  4- 6 |  7- 9 | 10-12 || total
-------------------------+-------+-------+-------+-------++-------
Melee: Short sword       |    11 |       |       |       ||    11
       Trident           |       |       |    10 |    14 ||    24
 Fire: Hunting sling     |    17 |    48 |       |       ||    65
Throw: Stone             |    12 |       |       |       ||    12
 Cast: Flame Tongue      |    41 |    90 |   205 |   134 ||   470
       Throw Flame       |       |    20 |    49 |    12 ||    81
       Conjure Flame     |       |     2 |     9 |    23 ||    34
       Shock             |       |     8 |    86 |    32 ||   126
       Fireball          |       |       |     9 |    12 ||    21
       Sticks to Snakes  |       |       |       |    16 ||    16
       Airstrike         |       |       |       |     4 ||     4
       Swiftness         |       |       |       |     1 ||     1
  Use: Scroll            |       |       |    14 |     3 ||    17
  Eat: Chunk             |       |     7 |    13 |     1 ||    21
       Ration            |       |     2 |     3 |     6 ||    11
Armor: Robe              |     2 |     6 |    10 |     6 ||    24
       Leather armour    |       |       |       |    10 ||    10
Dodge: Dodged            |    32 |    17 |    66 |    46 ||   161

Table legend:
 A = Spawn XP
 B = Non-spawn XP
 C = Spawn XP percentage of total XP
 D = Spawn monster count
 E = Non-spawn monster count
 F = Spawn count percentage of total count
 G = Total turns spent on level
                    A         B        C        D         E        F      G
               +---------+---------+-------+---------+---------+-------+---------
         Total |       0 |   11722 |   0.0 |       0 |     236 |   0.0 | 18349
               +---------+---------+-------+---------+---------+-------+---------
           D:1 |       0 |      25 |   0.0 |       0 |      14 |   0.0 |   644
           D:2 |       0 |     229 |   0.0 |       0 |      30 |   0.0 |  1726
           D:3 |       0 |     181 |   0.0 |       0 |      27 |   0.0 |  2455
           D:4 |       0 |     490 |   0.0 |       0 |      18 |   0.0 |  1599
           D:5 |       0 |     720 |   0.0 |       0 |      22 |   0.0 |  1322
           D:6 |       0 |     674 |   0.0 |       0 |      23 |   0.0 |  1250
           D:7 |       0 |     786 |   0.0 |       0 |      14 |   0.0 |  1097
           D:8 |       0 |     538 |   0.0 |       0 |       7 |   0.0 |  1919
           D:9 |       0 |    5448 |   0.0 |       0 |      61 |   0.0 |  5332
          D:10 |       0 |    2631 |   0.0 |       0 |      20 |   0.0 |   837
               +---------+---------+-------+---------+---------+-------+---------
